 Dungeon Crawl Stone Soup version 0.31-a0-263-ge8cad7f256 (webtiles) character file.

Game seed: 14959229822015544984

227 qw the Shooter (level 6, 0/37 HPs)
             Began as a Gargoyle Hexslinger on July 13, 2023.
             Slain by an ogre
             ... wielding a +0 giant club
              (21 damage)
             ... on level 4 of the Dungeon.
             The game lasted 00:01:19 (2854 turns).

qw the Shooter (Gargoyle Hexslinger)                Turns: 2854, Time: 00:01:20

Health: 0/37       AC: 11    Str: 12    XL:     6   Next: 2%
Magic:  7/7        EV: 10    Int: 13    God:
Gold:   152        SH:  0    Dex: 14    Spells: 6/7 levels left

rFire   . . .        Y - +2 sling
rCold   . . .        (no shield)
rNeg    + . .        f - +0 ring mail
rPois   inf          k - +0 helmet
rElec   +            (no cloak)
rCorr   .            i - +0 pair of gloves
SInv    .            (no boots)
Will    .....        (no amulet) Stlth
                     (no ring)
HPRegen 0.26/turn    (no ring)
MPRegen 0.10/turn

%: no passive effects
@: confused
A: sickness immunity, AC +4, negative energy resistance 1, electricity
resistance, torment resistance 1, petrification resistance
a: no special abilities


You were on level 4 of the Dungeon.
You visited 1 branch of the dungeon, and saw 4 of its levels.

You collected 152 gold pieces.


Innate Abilities, Weirdness & Mutations

You are immune to sickness and miasma.
Your stone body is resilient. (AC +4)
You are immune to poison.
You resist negative energy. (rN+)
You are resistant to electric shocks. (rElec)
You are resistant to unholy torment.
You are immune to petrification.


   Skills:
 - Level 3.2 Fighting
 + Level 5.0 Ranged Weapons
 - Level 1.4 Armour
 - Level 1.5 Dodging
 - Level 1.0 Spellcasting
 - Level 2.6 Hexes


You had 6 spell levels left.
You knew the following spells:

 Your Spells              Type           Power      Damage    Failure   Level
a - Slow                  Hex            28%        N/A       21%         1

Your spell library contained the following spells:

 Spells                   Type           Power      Damage    Failure   Level
 Inner Flame              Hex/Fire       4%         N/A       71%         3
 Portal Projectile        Hex/Tloc       8%         N/A       71%         3
 Cause Fear               Hex            3%         N/A       90%         4

Inventory:

Hand Weapons
 Y - a +2 sling (weapon)
Armour
 f - a +0 ring mail (worn)
 i - a +0 pair of gloves (worn)
 k - a +0 helmet (worn)
Jewellery
 d - a ring of fire
Scrolls
 c - a scroll of identify
Potions
 a - 2 potions of might
 e - a potion of curing
 g - a potion of berserk rage {unknown}
 j - a potion of heal wounds

Dungeon Overview and Level Annotations

Branches:
Dungeon (4/15)
 Temple: D:4-7

Altars:
Dithmenos
Xom

Shops:
D:1 [


Message History

You shoot a sling bullet.
The sling bullet barely misses the ogre.
The orc shouts!
You hear a shout!
You shoot a sling bullet.
The sling bullet hits the ogre but does no damage.
The ogre is lightly wounded.
The ogre closely misses you.
An orc comes into view. It is wielding a +0 short sword.
You shoot a sling bullet. The orc shouts!
The sling bullet hits the ogre.
The ogre is moderately wounded.
You hear a shout!
An orc wizard comes into view. It is wielding a +0 dagger.
The ogre closely misses you.
You shoot a sling bullet. The sling bullet hits the ogre.
The ogre is moderately wounded.
The ogre closely misses you.
You shoot a sling bullet. The sling bullet hits the ogre.
The ogre is heavily wounded.
The ogre hits you with a +0 giant club!
You shoot a sling bullet.
The sling bullet barely misses the ogre.
The sling bullet barely misses the orc.
An orc comes into view. It is wielding a +0 short sword.
The orc hits you with a +0 hand axe.
You shoot a sling bullet.
The sling bullet barely misses the ogre.
The sling bullet hits the orc but does no damage.
The ogre hits you with a +0 giant club.
You shoot a sling bullet.
The sling bullet closely misses the ogre.
The sling bullet closely misses the orc.
The orc barely misses you. The orc wizard casts a spell at you.
You are confused.
The ogre hits you with a +0 giant club!!
Ouch! That really hurt!
You die...

##......## .##
##........# ..###
#......?... _...#
#.......... ....##
#.......... .....#
#.......... }....#
#..o....... .....#
####.@.o....# .....#
#....oO...... _....#
#............ (..#.#
#............ ##...#
##............ #.###
##..........o>. #.####
#....).........
#....####.#...#......#.
####..#...#...)......#


You could see an ogre, an orc wizard and 3 orcs.

Vanquished Creatures
  A hound (D:4)
  2 orc wizards
  6 adders
  An ufetubus (D:4)
  2 dart slugs
  11 orcs
  7 bats
  2 endoplasms (D:1)
  4 giant cockroaches
  4 goblins
  6 hobgoblins
  4 jackals (D:1)
  4 kobolds
  4 quokkas
  4 ball pythons
  9 frilled lizards
  6 rats
77 creatures vanquished.

Notes
Turn   | Place    | Note
-------+----------+-------------------------------------------
     0 | D:1      | qw the Gargoyle Hexslinger began the quest for the Orb.
     0 | D:1      | Reached XP level 1. HP: 12/12 MP: 2/2
     0 | D:1      | 0 ||| qw: Version: 0.3-a-52-g30416fa
     0 | D:1      | 0 ||| qw: Game counter: 7156
     0 | D:1      | 0 ||| qw: Melee chars always use a shield: true
     0 | D:1      | 0 ||| qw: God list: Okawaru
     0 | D:1      | 0 ||| qw: Allow faded altars: false
     0 | D:1      | 0 ||| qw: Do Orc after clearing Dungeon:15 true
     0 | D:1      | 0 ||| qw: Do second Lair branch before Depths: true
     0 | D:1      | 0 ||| qw: Lair rune preference: random
     0 | D:1      | 0 ||| qw: Goals: Normal
     0 | D:1      | 0 ||| PLANNING D:1-11
     8 | D:1      | Found Toxawa's Armour Shop.
    18 | D:1      | 18 ||| SHOPLISTING +0 cloak (45 gold, have 0).
    18 | D:1      | 18 ||| SHOPLISTING +0 leather armour (20 gold, have 0).
    18 | D:1      | 18 ||| SHOPLISTING +0 ring mail (40 gold, have 0).
    18 | D:1      | 18 ||| SHOPLISTING +0 robe of positive energy (47 gold,
                  | have 0).
   120 | D:1      | Reached XP level 2. HP: 16/16 MP: 3/3
   135 | D:1      | HP: 4/16 [frozen (4)]
   225 | D:1      | Reached skill level 3 in Ranged Weapons
   363 | D:1      | Reached XP level 3. HP: 19/21 MP: 4/4
   710 | D:1      | 710 ||| UPGRADING to +0 pair of gloves.
   715 | D:1      | 715 ||| READING scroll labelled UREIWO CUMU.
   716 | D:1      | 716 ||| READING scroll labelled KEILOL KENESO.
   717 | D:1      | 717 ||| READING scroll labelled LAJIJO FAERIATEG.
   718 | D:1      | 718 ||| DRINKING 2 cyan potions.
   719 | D:1      | 719 ||| DROPPING scroll of poison.
  1215 | D:2      | Reached XP level 4. HP: 26/26 MP: 5/5
  1286 | D:2      | Reached skill level 4 in Ranged Weapons
  1560 | D:2      | 1560 ||| UPGRADING to +0 leather armour.
  1570 | D:2      | 1570 ||| DROPPING +0 robe.
  1571 | D:2      | 1571 ||| UPGRADING to +0 helmet.
  1576 | D:2      | 1576 ||| DROPPING ring of wizardry.
  1577 | D:2      | 1577 ||| READING scroll labelled HUBIRYRPHIG.
  1578 | D:2      | 1578 ||| READING scroll labelled VURHIE FUYMN.
  1579 | D:2      | 1579 ||| READING scroll labelled EMOMPA BADIPH.
  1680 | D:2      | 1680 ||| READING scroll labelled HANLEV YRAURIH.
  1685 | D:2      | 1685 ||| DRINKING 2 glowing brown potions.
  2198 | D:3      | 2198 ||| DROPPING amulet of magic regeneration.
  2199 | D:3      | 2199 ||| READING 2 scrolls of identify.
  2199 | D:3      | 2199 ||| IDENTIFYING amethyst potion
  2255 | D:4      | Reached XP level 5. HP: 30/30 MP: 6/6
  2487 | D:4      | Reached skill level 5 in Ranged Weapons
  2494 | D:4      | 2494 ||| FLEEEEING.
  2495 | D:4      | 2495 ||| FLEEEEING.
  2496 | D:4      | 2496 ||| FLEEEEING.
  2497 | D:4      | 2497 ||| FLEEEEING.
  2498 | D:4      | 2498 ||| FLEEEEING.
  2499 | D:4      | 2499 ||| FLEEEEING.
  2500 | D:4      | 2500 ||| FLEEEEING.
  2501 | D:4      | 2501 ||| FLEEEEING.
  2502 | D:4      | 2502 ||| FLEEEEING.
  2503 | D:4      | 2503 ||| FLEEEEING.
  2504 | D:4      | 2504 ||| FLEEEEING.
  2505 | D:4      | 2505 ||| FLEEEEING.
  2506 | D:4      | 2506 ||| FLEEEEING.
  2507 | D:4      | 2507 ||| FLEEEEING.
  2508 | D:4      | 2508 ||| FLEEEEING.
  2509 | D:4      | 2509 ||| FLEEEEING.
  2510 | D:4      | 2510 ||| FLEEEEING.
  2511 | D:4      | 2511 ||| FLEEEEING.
  2512 | D:4      | 2512 ||| FLEEEEING.
  2513 | D:4      | 2513 ||| STAIRDANCE
  2585 | D:3      | 2585 ||| UPGRADING to +0 ring mail.
  2595 | D:3      | 2595 ||| DROPPING +0 leather armour.
  2596 | D:3      | 2596 ||| DRINKING 2 fizzy black potions.
  2597 | D:3      | 2597 ||| READING 2 scrolls of identify.
  2597 | D:3      | 2597 ||| IDENTIFYING yellow potion
  2598 | D:3      | 2598 ||| DROPPING potion of ambrosia.
  2599 | D:3      | 2599 ||| DROPPING potion of attraction.
  2604 | D:4      | 2604 ||| DRINKING 2 potions of curing.
  2604 | D:4      | 2604 ||| (to cure confusion)
  2605 | D:4      | 2605 ||| STAIRDANCE
  2629 | D:3      | HP: 6/31 [something (2)]
  2634 | D:3      | Reached skill level 1 in Armour
  2751 | D:4      | Found a shadowy altar of Dithmenos.
  2754 | D:4      | Found a shimmering altar of Xom.
  2788 | D:4      | Reached skill level 3 in Fighting
  2831 | D:4      | Reached XP level 6. HP: 37/37 MP: 7/7
  2854 | D:4      | Slain by an ogre

Levels and vault maps discovered:
D:1:      enne_arrival_octagon_isle, layout_rooms, serial_shops,
          nicolae_shop_tiny_glass, serial_rivers,
          chequers_serial_rivers_small_b, chequers_serial_rivers_micro_c,
          chequers_serial_rivers_room_b, chequers_serial_rivers_micro_a,
          chequers_serial_rivers_micro_b, chequers_serial_rivers_large_a,
          nrook_campfire
D:2:      layout_loops_corners
D:3:      layout_loops_ring
D:4:      layout_rooms, grunt_temple_overflow_open, minmay_manual_mess

Skill      XL: |  1  2  3  4  5 |
---------------+----------------+-----
Ranged Weapons | 3 4 5 |  5.0
Fighting       | 2 3 |  3.2
Armour         | 1 |  1.4
Dodging        | |  1.5
Spellcasting   | |  1.0
Hexes          | |  2.6

Action                     |  1- 3 |  4- 6 || total
---------------------------+-------+-------++-------
   Fire: Sling             |   143 |   181 ||   324
    Use: Scroll            |     3 |     6 ||     9
         Potion            |     1 |     3 ||     4
 Armour: Robe              |    16 |     1 ||    17
         Leather armour    |       |    18 ||    18
         Ring mail         |       |    31 ||    31
  Dodge: Dodged            |    49 |    72 ||   121

Table legend:
 A = Non-vault XP
 B = Vault XP
 C = Vault XP percentage of total XP
 D = Non-vault monster count
 E = Vault monster count
 F = Vault count percentage of total count
                 A         B        C        D         E       F
            +---------+---------+-------+---------+---------+-------
      Total |     325 |       0 |   0.0 |      77 |       0 |   0.0
            +---------+---------+-------+---------+---------+-------
        D:1 |      51 |       0 |   0.0 |      30 |       0 |   0.0
        D:2 |      43 |       0 |   0.0 |      11 |       0 |   0.0
        D:3 |      84 |       0 |   0.0 |      17 |       0 |   0.0
        D:4 |     147 |       0 |   0.0 |      19 |       0 |   0.0
            +---------+---------+-------+---------+---------+-------
